 Dungeon Crawl Stone Soup version 0.31-a0-267-g3fc6992b3b (webtiles) character file.

Game seed: 2534289752745715151

3271 qw the Skirmisher (level 9, -2/81 HPs)
             Began as a Minotaur Hexslinger on July 13, 2023.
             Was a Follower of Okawaru.
             Slain by a yak (5 damage)
             ... on level 7 of the Dungeon.
             The game lasted 00:02:56 (5601 turns).

qw the Skirmisher (Minotaur Hexslinger)             Turns: 5601, Time: 00:02:57

Health: -2/81      AC: 10    Str: 19    XL:     9   Next: 68%
Magic:  8/10       EV: 14    Int: 10    God:    Okawaru [*.....]
Gold:   406        SH:  0    Dex: 12    Spells: 9/10 levels left

rFire   + . .        g - +2 sling (heavy)
rCold   + . .        (no shield)
rNeg    . . .        i - +0 ring mail
rPois   .            (helmet restricted)
rElec   .            (no cloak)
rCorr   +            d - +2 pair of gloves
SInv    +            (no boots)
Will    .....        c - amulet "Qerphifo" {rC+ Regen+ rCorr Str+6 Dex-5}
Stlth   ++           e - ring of protection from fire
HPRegen 1.13/turn    m - ring of see invisible
MPRegen 0.12/turn

%: no passive effects
@: about to teleport, heroic
A: horns 2, retaliatory headbutt
a: Renounce Religion, Heroism


You were on level 7 of the Dungeon.
You worshipped Okawaru.
Okawaru was aware of your devotion.
You visited 2 branches of the dungeon, and saw 8 of its levels.
You also visited: Sewer.

You collected 406 gold pieces.


Innate Abilities, Weirdness & Mutations

You have a pair of horns on your head.
You reflexively headbutt those who attack you in melee.


   Skills:
 - Level 8.1(13.1) Fighting
 + Level 11.9(16.9) Ranged Weapons
 - Level 4.0(9.0) Armour
 - Level 3.0(8.0) Dodging
 - Level 1.0 Spellcasting
 - Level 2.0 Hexes
 + Level 2.8 Invocations


You had 9 spell levels left.
You knew the following spells:

 Your Spells              Type           Power      Damage    Failure   Level
a - Slow                  Hex            16%        N/A       24%         1

Your spell library contained the following spells:

 Spells                   Type           Power      Damage    Failure   Level
 Inner Flame              Hex/Fire       2%         N/A       71%         3
 Portal Projectile        Hex/Tloc       4%         N/A       71%         3
 Cause Fear               Hex            2%         N/A       93%         4

Inventory:

Hand Weapons
 g - a +2 heavy sling (weapon)
Armour
 a - a +2 leather armour of poison resistance
 d - a +2 pair of gloves (worn)
 i - a +0 ring mail (worn)
Jewellery
 c - the amulet "Qerphifo" (around neck) {rC+ Regen+ rCorr Str+6 Dex-5}
   (You found it in a sewer)

   [amulet of regeneration]

   Str:       It affects your strength (+6).
   Dex:       It affects your dexterity (-5).
   rC:        It protects you from cold.
   Regen:     It increases your rate of health regeneration.
   rCorr:     It protects you from acid and corrosion.
 e - a ring of protection from fire (left hand)
 m - a ring of see invisible (right hand)
Scrolls
 l - 5 scrolls of enchant armour
 n - a scroll of brand weapon
 r - a scroll of identify
Potions
 b - a potion of haste
 f - a potion of mutation
 q - a potion of might {unknown}

Dungeon Overview and Level Annotations

Branches:
Dungeon (7/15)             Temple (1/1) D:4           Sewer (visited)

Altars:
Ashenzari
Cheibriados
Dithmenos
Fedhas
Gozag
Hepliaklqana
Kikubaaqudgha
Makhleb
Nemelex Xobeh
Okawaru
Qazlal
Ru
Sif Muna
Trog
Uskayaw
Vehumet
Wu Jian
Xom
Yredelemnul
Zin

Annotations:
D:5 1 runed translucent door, Crazy Yiuf


Message History

You shoot a sling bullet.
The sling bullet hits the yak but does no damage.
The yak is moderately wounded.
The yak gores you but does no damage. The yak barely misses you.
You shoot a sling bullet. The sling bullet barely misses the yak.
The yak closely misses you.
You shoot a sling bullet. The sling bullet hits the yak!
The yak is heavily wounded.
The yak gores you but does no damage. The yak misses you. The yak gores you!
The yak closely misses you. The yak gores you!
The yak gores you but does no damage.
5594 ||| INVOKING Heroism.
You gain the combat prowess of a mighty hero.
The yak misses you. The yak barely misses you. The yak misses you.
You furiously retaliate!
You headbutt the yak! You shoot a sling bullet.
The sling bullet hits the yak but does no damage.
The yak is severely wounded.
The yak gores you but does no damage. x2; The yak gores you!
You shoot a sling bullet.
The sling bullet hits the yak but does no damage.
The yak is severely wounded.
The yak gores you. The yak gores you! The yak gores you.
You shoot a sling bullet. The sling bullet hits the yak!
You kill the yak!
Okawaru accepts your kill. The yak barely misses you.
The yak gores you but does no damage.
You shoot a sling bullet. The sling bullet barely misses the yak.
The yak barely misses you. The yak gores you.
You shoot a sling bullet. The sling bullet hits the yak.
The yak is lightly wounded.
The yak gores you! The yak barely misses you.
5600 ||| READING scroll of teleportation.
As you read the scroll of teleportation, it crumbles to dust.
You feel strangely unstable. The yak gores you! The yak gores you.
You shoot a sling bullet. The sling bullet hits the yak!
The yak is heavily wounded.
The yak gores you.
You die...

# #......###...... #
###..........# #
#.##.......#### .
....#.....#.....
#......#.##...####
#......#.........# ...#
#..... #.........# ##. #.
#..# #...
#........Y##.#......##..#
#........@Y..#.#..#.##..#.
#..........#...?..#.##..#.
#..........#..............
#...[......#........##YY#
##########.##...#....Y$Y#
.##...#....#..#
.##.....#.....#
.##.#)).......#
#..##..<..###.#.#


You could see 2 yaks.

Vanquished Creatures
  Pikel (D:5)
  Sigmund (D:2)
  3 yaks (D:7)
  Eustachio (D:5)
  Duvessa (D:4)
  A black bear (D:5)
  An ice beast (D:6)
  2 phantoms
  A lemure (D:5)
  A kobold brigand (D:7)
  4 bullfrogs
  A wyvern zombie (D:6)
  A gnoll sergeant (D:5)
  2 scorpions
  Dowan (D:4)
  2 bullfrog zombies (D:6)
  4 jellies
  An orc priest (D:5)
  A hound (D:5)
  2 gnoll boudas
  3 centaur skeletons (D:6)
  4 iguanas
  A sleepcap (D:4)
  4 orc wizards
  A killer bee zombie (D:6)
  9 adders
  13 gnolls
  A river rat (D:3)
  A shadow imp (D:5)
  An ufetubus (D:7)
  3 worms
  2 dart slugs
  25 orcs
  17 endoplasms
  13 giant cockroaches
  4 goblins
  8 hobgoblins
  4 jackals (D:1)
  14 quokkas
  16 ball pythons
  3 bats (D:3)
  14 frilled lizards
  16 kobolds
  4 rats
213 creatures vanquished.

Notes
Turn   | Place    | Note
-------+----------+-------------------------------------------
     0 | D:1      | qw the Minotaur Hexslinger began the quest for the Orb.
     0 | D:1      | Reached XP level 1. HP: 16/16 MP: 1/1
     0 | D:1      | 0 ||| qw: Version: 0.3-a-52-g30416fa
     0 | D:1      | 0 ||| qw: Game counter: 7705
     0 | D:1      | 0 ||| qw: Melee chars always use a shield: true
     0 | D:1      | 0 ||| qw: God list: Okawaru
     0 | D:1      | 0 ||| qw: Allow faded altars: false
     0 | D:1      | 0 ||| qw: Do Orc after clearing Dungeon:15 true
     0 | D:1      | 0 ||| qw: Do second Lair branch before Depths: true
     0 | D:1      | 0 ||| qw: Lair rune preference: random
     0 | D:1      | 0 ||| qw: Goals: Normal
     0 | D:1      | 0 ||| PLANNING D:1-11
   193 | D:1      | Reached skill level 3 in Ranged Weapons
   204 | D:1      | Reached XP level 2. HP: 14/23 MP: 2/2
   851 | D:1      | 851 ||| DROPPING ring of magical power.
   852 | D:1      | 852 ||| UPGRADING to ring of protection from fire.
   853 | D:1      | 853 ||| READING scroll labelled ETHRUV DIAG.
   854 | D:1      | 854 ||| READING scroll labelled TIKHLAO BILYDGH.
   855 | D:1      | 855 ||| READING scroll labelled LOESIDOIXT.
   856 | D:1      | 856 ||| READING scroll labelled WANUKU BOEMU.
   857 | D:1      | 857 ||| READING 2 scrolls labelled LYZIUKHL NOXUF.
   858 | D:1      | 858 ||| DROPPING scroll of poison.
   906 | D:2      | Reached XP level 3. HP: 27/29 MP: 3/3
   953 | D:2      | Noticed Sigmund
   962 | D:2      | 962 ||| UPGRADING to +2 pair of gloves.
   962 | D:2      | HP: 7/29 [Sigmund/+0 scythe (5)]
   968 | D:2      | 968 ||| FLEEEEING.
   969 | D:2      | 969 ||| FLEEEEING.
   970 | D:2      | 970 ||| FLEEEEING.
   971 | D:2      | 971 ||| FLEEEEING.
   978 | D:2      | 978 ||| STAIRDANCE
   978 | D:2      | HP: 4/29 [something/puff of flame (4)]
  1080 | D:1      | 1080 ||| READING scroll labelled DOSAOJ YM WAT.
  1087 | D:2      | 1087 ||| STAIRDANCE
  1117 | D:2      | 1117 ||| STAIRDANCE
  1119 | D:2      | 1119 ||| STAIRDANCE
  1121 | D:2      | 1121 ||| STAIRDANCE
  1136 | D:2      | 1136 ||| Stepping randomly (disturbance).
  1137 | D:2      | 1137 ||| Stepping randomly (disturbance).
  1138 | D:2      | 1138 ||| Stepping randomly (disturbance).
  1139 | D:2      | 1139 ||| Stepping randomly (disturbance).
  1140 | D:2      | 1140 ||| Stepping randomly (disturbance).
  1143 | D:2      | 1143 ||| Stepping randomly (disturbance).
  1144 | D:2      | 1144 ||| Stepping randomly (disturbance).
  1150 | D:2      | HP: 5/29 [something/magic dart (7)]
  1152 | D:2      | Killed Sigmund
  1153 | D:2      | Reached skill level 6 in Ranged Weapons
  1153 | D:2      | Reached XP level 4. HP: 7/36 MP: 4/4
  1153 | D:2      | Reached XP level 5. HP: 8/41 MP: 5/5
  1161 | D:2      | 1161 ||| FLEEEEING.
  1168 | D:2      | 1168 ||| STAIRDANCE
  1506 | D:2      | Found a radiant altar of Vehumet.
  1869 | D:2      | 1869 ||| UPGRADING to +0 leather armour.
  1879 | D:2      | 1879 ||| DROPPING +0 robe.
  1880 | D:2      | 1880 ||| READING scroll labelled SODAL REIDAKAU.
  1906 | D:3      | 1906 ||| PLANNING SEWER
  1911 | D:3      | Reached skill level 3 in Fighting
  1978 | D:3      | Reached skill level 1 in Armour
  1978 | D:3      | 1978 ||| FLEEEEING.
  1983 | D:3      | Reached XP level 6. HP: 31/51 MP: 6/6
  2080 | D:3      | Found a glowing drain.
  2081 | D:3      | 2081 ||| UPGRADING to +0 ring mail.
  2091 | D:3      | 2091 ||| DROPPING +0 leather armour.
  2092 | D:3      | 2092 ||| READING scroll labelled IRGHEA ROXOZ.
  2118 | Sewer    | Entered a sewer
  2136 | Sewer    | 2136 ||| Stepping ~*~*~tactically~*~*~ (water).
  2141 | Sewer    | 2141 ||| Stepping ~*~*~tactically~*~*~ (water).
  2274 | Sewer    | 2274 ||| Stepping ~*~*~tactically~*~*~ (water).
  2377 | Sewer    | 2377 ||| Stepping ~*~*~tactically~*~*~ (water).
  2388 | Sewer    | 2388 ||| Stepping ~*~*~tactically~*~*~ (water).
  2398 | Sewer    | 2398 ||| Stepping ~*~*~tactically~*~*~ (water).
  2406 | Sewer    | 2406 ||| Stepping ~*~*~tactically~*~*~ (water).
  2429 | Sewer    | Reached skill level 7 in Ranged Weapons
  2429 | Sewer    | 2429 ||| FLEEEEING.
  2433 | Sewer    | 2433 ||| FLEEEEING.
  2461 | Sewer    | 2461 ||| Stepping ~*~*~tactically~*~*~ (water).
  2464 | Sewer    | 2464 ||| Stepping ~*~*~tactically~*~*~ (water).
  2490 | Sewer    | Identified the amulet "Qerphifo" {rC+ Regen+ rCorr Str+6
                  | Dex-5}
  2499 | Sewer    | 2499 ||| UPGRADING to amulet "Qerphifo" {rC+ Regen+ rCorr
                  | Str+6 Dex-5}.
  2504 | Sewer    | 2504 ||| READING scroll labelled TAV QUSKEACI.
  2505 | Sewer    | 2505 ||| DRINKING 3 viscous amethyst potions.
  2520 | D:3      | 2520 ||| PLANNING D:1-11
  2588 | D:3      | 2588 ||| READING scroll of brand weapon.
  2588 | D:3      | 2588 ||| BRANDING +2 sling of electrocution.
  2652 | D:3      | 2652 ||| READING 3 scrolls of brand weapon.
  2652 | D:3      | 2652 ||| BRANDING +2 sling of draining.
  2653 | D:3      | 2653 ||| READING 2 scrolls of brand weapon.
  2653 | D:3      | 2653 ||| BRANDING +2 sling of freezing.
  2679 | D:3      | Found a faded altar of an unknown god.
  3092 | D:3      | 3092 ||| UPGRADING to ring of see invisible.
  3093 | D:3      | 3093 ||| DRINKING 2 fuming red potions.
  3094 | D:3      | 3094 ||| DROPPING potion of attraction.
  3263 | D:4      | Reached XP level 7. HP: 59/59 MP: 7/7
  3342 | D:4      | Noticed Duvessa
  3342 | D:4      | Noticed Dowan
  3350 | D:4      | Killed Duvessa
  3351 | D:4      | Reached skill level 8 in Ranged Weapons
  3352 | D:4      | Killed Dowan
  3443 | D:4      | Identified the +11 short sword of Sotwizxy {venom, Str+6}
  3626 | D:4      | 3626 ||| READING 2 scrolls labelled DIOTIESSIO.
  3629 | D:4      | 3629 ||| FLEEEEING.
  3630 | D:4      | 3630 ||| FLEEEEING.
  3631 | D:4      | 3631 ||| FLEEEEING.
  3632 | D:4      | 3632 ||| FLEEEEING.
  3633 | D:4      | 3633 ||| FLEEEEING.
  3634 | D:4      | 3634 ||| FLEEEEING.
  3635 | D:4      | 3635 ||| FLEEEEING.
  3636 | D:4      | 3636 ||| FLEEEEING.
  3637 | D:4      | 3637 ||| FLEEEEING.
  3638 | D:4      | 3638 ||| FLEEEEING.
  3639 | D:4      | 3639 ||| FLEEEEING.
  3640 | D:4      | 3640 ||| FLEEEEING.
  3641 | D:4      | 3641 ||| FLEEEEING.
  3642 | D:4      | 3642 ||| FLEEEEING.
  3643 | D:4      | 3643 ||| FLEEEEING.
  3644 | D:4      | 3644 ||| FLEEEEING.
  3645 | D:4      | 3645 ||| FLEEEEING.
  3647 | D:4      | 3647 ||| FLEEEEING.
  3648 | D:4      | 3648 ||| FLEEEEING.
  3649 | D:4      | 3649 ||| FLEEEEING.
  3650 | D:4      | 3650 ||| FLEEEEING.
  3651 | D:4      | 3651 ||| STAIRDANCE
  3753 | D:3      | 3753 ||| READING scroll labelled SIPSUA KABI.
  3754 | D:3      | 3754 ||| READING scroll labelled HUTICO XURCH.
  3755 | D:3      | 3755 ||| READING 2 scrolls of identify.
  3755 | D:3      | 3755 ||| IDENTIFYING black potion
  3756 | D:3      | 3756 ||| DROPPING potion of ambrosia.
  3757 | D:3      | 3757 ||| DROPPING scroll of silence.
  3775 | D:4      | Found a staircase to the Ecumenical Temple.
  3776 | D:4      | 3776 ||| PLANNING TEMPLE
  3831 | D:4      | 3831 ||| DRINKING 2 fuming brown potions.
  3832 | D:4      | 3832 ||| DROPPING potion of degeneration.
  3883 | D:5      | Entered Level 5 of the Dungeon
  3889 | D:5      | 3889 ||| STAIRDANCE
  3918 | D:5      | 3918 ||| STAIRDANCE
  3962 | D:5      | 3962 ||| STAIRDANCE
  4004 | D:5      | Reached XP level 8. HP: 67/69 MP: 8/8
  4023 | D:5      | Noticed Eustachio
  4030 | D:5      | Noticed Pikel
  4044 | D:5      | Killed Eustachio
  4045 | D:5      | Reached skill level 9 in Ranged Weapons
  4045 | D:5      | Killed Pikel
  4117 | D:5      | 4117 ||| STAIRDANCE
  4155 | Temple   | Entered the Ecumenical Temple
  4184 | Temple   | 4184 ||| PLANNING OKAWARU WORSHIP
  4310 | Temple   | Became a worshipper of Warmaster Okawaru
  4311 | Temple   | 4311 ||| PLANNING D:1-11
  4367 | D:5      | Reached skill level 10 in Ranged Weapons
  4369 | D:5      | 4369 ||| Stepping ~*~*~tactically~*~*~ (outnumbered).
  4608 | D:5      | Found a runed translucent door.
  4609 | D:5      | Noticed Crazy Yiuf
  4751 | D:5      | 4751 ||| FLEEEEING.
  4752 | D:5      | 4752 ||| FLEEEEING.
  4753 | D:5      | 4753 ||| FLEEEEING.
  4754 | D:5      | 4754 ||| FLEEEEING.
  4755 | D:5      | 4755 ||| FLEEEEING.
  4756 | D:5      | 4756 ||| FLEEEEING.
  4757 | D:5      | 4757 ||| FLEEEEING.
  4758 | D:5      | 4758 ||| FLEEEEING.
  4759 | D:5      | 4759 ||| FLEEEEING.
  4760 | D:5      | 4760 ||| FLEEEEING.
  4761 | D:5      | 4761 ||| FLEEEEING.
  4762 | D:5      | 4762 ||| FLEEEEING.
  4763 | D:5      | 4763 ||| FLEEEEING.
  4764 | D:5      | 4764 ||| FLEEEEING.
  4765 | D:5      | 4765 ||| FLEEEEING.
  4766 | D:5      | 4766 ||| FLEEEEING.
  4767 | D:5      | 4767 ||| STAIRDANCE
  4777 | D:4      | 4777 ||| READING 2 scrolls of identify.
  4777 | D:4      | 4777 ||| IDENTIFYING purple potion
  4909 | D:6      | Reached XP level 9. HP: 78/81 MP: 9/9
  4972 | D:6      | Reached skill level 3 in Dodging
  5023 | D:6      | Reached * piety under Okawaru
  5201 | D:6      | 5201 ||| INVOKING Heroism.
  5202 | D:6      | 5202 ||| INVOKING Heroism.
  5333 | D:6      | Reached skill level 11 in Ranged Weapons
  5333 | D:6      | Reached skill level 1 in Invocations
  5348 | D:6      | 5348 ||| DRINKING 2 blue potions.
  5393 | D:6      | 5393 ||| DRINKING 3 white potions.
  5394 | D:6      | 5394 ||| READING 2 scrolls of identify.
  5394 | D:6      | 5394 ||| IDENTIFYING fizzy green potion
  5395 | D:6      | 5395 ||| DROPPING potion of lignification.
  5396 | D:6      | 5396 ||| DROPPING 2 potions of invisibility.
  5416 | D:7      | 5416 ||| INVOKING Heroism.
  5452 | D:7      | 5452 ||| INVOKING Heroism.
  5458 | D:7      | HP: 16/81 [yak (9)]
  5459 | D:7      | 5459 ||| READING 2 scrolls of teleportation.
  5460 | D:7      | 5460 ||| DRINKING 2 potions of heal wounds.
  5462 | D:7      | 5462 ||| DRINKING potion of heal wounds.
  5469 | D:7      | 5469 ||| INVOKING Heroism.
  5494 | D:7      | 5494 ||| INVOKING Heroism.
  5594 | D:7      | 5594 ||| INVOKING Heroism.
  5599 | D:7      | HP: 13/81 [yak (12)]
  5600 | D:7      | 5600 ||| READING scroll of teleportation.
  5600 | D:7      | HP: 1/81 [yak (6)]
  5601 | D:7      | Slain by a yak

Levels and vault maps discovered:
D:1:      dpeg_arrival_short_road, layout_basic
D:2:      layout_loops_ring, basic_altar, uniq_sigmund
D:3:      layout_basic, portal_sewer_entry_a, nicolae_ecumenical_pavilion,
          minmay_cut_off
D:4:      layout_basic, minmay_temple_entry_from_below_a, nrook_loot_triangle,
          corexii_shack, uniq_duvessa
D:5:      layout_rooms, uniq_pikel, uniq_crazy_yiuf_cottage, uniq_eustachio
D:6:      layout_cave_pools, serial_undead, serial_undead_c, serial_undead_a,
          serial_undead_a, serial_undead_c
D:7:      layout_basic, enter_bailey_3
Temple:   nicolae_temple_bog_church

Skill      XL: |  1  2  3  4  5  6  7  8  9 |
---------------+----------------------------+-----
Ranged Weapons | 3 6 7 8 10 11 | 11.9
Fighting       | 2 3 4 5 8 |  8.1
Armour         | 1 2 4 |  4.0
Dodging        | 3 |  3.0
Invocations    | 2 |  2.8
Spellcasting   | |  1.0
Hexes          | |  2.0

Action                     |  1- 3 |  4- 6 |  7- 9 || total
---------------------------+-------+-------+-------++-------
   Fire: Sling             |    91 |   222 |   300 ||   613
 Invoke: Heroism           |       |       |     6 ||     6
    Use: Scroll            |     6 |     6 |     8 ||    20
         Potion            |       |     2 |     5 ||     7
 Armour: Robe              |     5 |     9 |       ||    14
         Leather armour    |       |     4 |       ||     4
         Ring mail         |       |    24 |   113 ||   137
  Dodge: Dodged            |    40 |    57 |   155 ||   252

Table legend:
 A = Non-vault XP
 B = Vault XP
 C = Vault XP percentage of total XP
 D = Non-vault monster count
 E = Vault monster count
 F = Vault count percentage of total count
                 A         B        C        D         E       F
            +---------+---------+-------+---------+---------+-------
      Total |    2669 |    2005 |  42.9 |     136 |      76 |  35.8
            +---------+---------+-------+---------+---------+-------
        D:1 |      39 |       0 |   0.0 |      22 |       0 |   0.0
        D:2 |      65 |     223 |  77.4 |      14 |       1 |   6.7
        D:3 |      86 |      31 |  26.5 |      20 |       9 |  31.0
        D:4 |     311 |     213 |  40.6 |      22 |       3 |  12.0
        D:5 |     712 |     831 |  53.9 |      23 |       2 |   8.0
        D:6 |     275 |     429 |  60.9 |       6 |       8 |  57.1
        D:7 |    1181 |       0 |   0.0 |      29 |       0 |   0.0
      Sewer |       0 |     278 | 100.0 |       0 |      53 | 100.0
            +---------+---------+-------+---------+---------+-------
